 Dungeon Crawl Stone Soup version 0.18-a0-1551-g40744a8 (webtiles) character file.

9077 dvd the Grappler (level 11, -1/165 HPs)
             Began as a Troll Berserker on Mar 11, 2016.
             Was a High Priest of Trog.
             Slain by an orc warrior
             ... wielding a cursed +0 scimitar
              (8 damage)
             ... on level 10 of the Dungeon.
             The game lasted 00:26:16 (8227 turns).

dvd the Grappler (Troll Berserker)                  Turns: 8227, Time: 00:26:16

Health: -1/165     AC:  7    Str: 32    XL:     11   Next: 18%
Magic:  10/10      EV: 14    Int:  3    God:    Trog [*****.]
Gold:   526        SH:  0    Dex: 12    Spells: 0 memorised, 10 levels left

rFire  . . .     SeeInvis +       - Unarmed
rCold  . . .     Gourm    +     a - +1 animal skin
rNeg   . . .     Faith    +     (no shield)
rPois  +         Spirit   .     F - +1 hat
rElec  .         Dismiss  .     (no cloak)
rCorr  .         Reflect  .     (gloves unavailable)
SustAt .         Harm     .     (boots unavailable)
MR     .....                    v - amulet of faith
Stlth  ..........               x - ring of see invisible
                                j - ring of poison resistance

@: berserking, lethally poisoned (-1 -> -4), very quick, not resistant to
hostile enchantments, extremely unstealthy
A: unfitting armour, claws 3, fast metabolism 3, gourmand, regeneration 2,
shaggy fur 1, tough skin 2
a: Berserk, Trog's Hand, Brothers in Arms, Burn Spellbooks, Renounce Religion


You were on level 10 of the Dungeon.
You worshipped Trog.
Trog was extremely pleased with you.
You were not hungry.

You visited 2 branches of the dungeon, and saw 11 of its levels.

You collected 526 gold pieces.

Inventory:

Hand Weapons
 k - a +0 great mace
 I - a +1 mace of protection
 L - a +4 longbow of flaming
Missiles
 g - 316 stones
 m - 7 tomahawks
 B - 13 large rocks (quivered)
Armour
 a - a +1 animal skin (worn)
 p - a steam dragon hide
 F - a +1 hat (worn)
Jewellery
 j - a ring of poison resistance (left claw)
 v - an amulet of faith (around neck)
 x - a ring of see invisible (right claw)
 y - an uncursed amulet of dismissal
 G - a cursed ring of teleportation {unknown}
 J - the ring "Pahaerurph" {Str+3 Dex-3}
   (You found it on level 7 of the Dungeon)

   [ring of dexterity]

   It affects your strength (+3).
   It affects your dexterity (-3).
Wands
 e - a wand of polymorph (23/24)
 f - a wand of iceblast (2/15)
 A - a wand of confusion (19/48)
 D - a wand of flame (17/48)
 E - a wand of paralysis (15/24)
Scrolls
 c - 2 scrolls of teleportation
 s - 2 scrolls of remove curse
 u - 8 scrolls of identify
 z - 3 scrolls of magic mapping
 H - a scroll of fog {unknown}
 K - a scroll of vulnerability {unknown}
Potions
 h - a potion of heal wounds
 l - a potion of might
 n - 2 potions of agility
 o - 2 potions of curing
 w - a potion of haste
 C - 3 potions of flight
Comestibles
 b - 7 bread rations
 d - 7 slices of pizza
 i - 3 royal jellies
 q - 12 fruits
 r - a beef jerky
 t - 3 meat rations


   Skills:
 + Level 7.7 Fighting
 + Level 4.7 Throwing
 + Level 9.2 Dodging
 - Level 1.7 Stealth
 + Level 9.8 Unarmed Combat
 + Level 0.1 Evocations


You had 10 spell levels left.
You didn't know any spells.

Dungeon Overview and Level Annotations

Branches:
Dungeon (10/15)            Temple (1/1) D:4            Lair (0/8) D:10
    Orc: D:9-12

Altars:
Ashenzari
Cheibriados
Dithmenos
Elyvilon
Fedhas
Gozag
Kikubaaqudgha
Makhleb
Nemelex Xobeh
Okawaru
Pakellas
Qazlal
Ru
Sif Muna
Trog
Vehumet
Xom
Yredelemnul
Zin
The Shining One


Innate Abilities, Weirdness & Mutations

You are too large for most types of armour.
You have claws for hands.
Your metabolism is lightning-fast.
You like to eat raw meat.
You heal very quickly.
You are covered in fur (AC +1).
You have very tough skin (AC +2).


Message History

You feel sick. The orc warrior barely misses you.
Unknown command.
You claw the wolf spider!
You kill the wolf spider!
Trog accepts your kill.
You feel sick.
The orc wizard hits you but does no damage.
You closely miss the orc wizard.
You feel sick.
The orc wizard hits you but does no damage.
The orc warrior barely misses you.
You scratch the orc warrior.
The orc warrior is lightly wounded.
You feel sick. The orc misses you.
The orc wizard hits you but does no damage.
You scratch the orc warrior.
The orc warrior is moderately wounded.
You feel sick. The orc wizard hits you with a dagger.
* * * LOW HITPOINT WARNING * * *
The orc warrior hits you with a scimitar!
You die...

........ ........ .....
....# ..... ....# .....#
....## ..... #....# #...#
##...## #... ##...## #.o##
##...# #o@## ##..## ##o(##
# ##..## #..)## ## #...##
##.(.## .## ##...## ##...##
..### ##...### #....##
....## #.....## ##...?##
.....###......### #.....###
####............###.......#


You could see an orc warrior, an orc wizard (invisible) and an orc.

Vanquished Creatures
  A hydra (D:8)
  Erica (D:8)
  An unseen horror (D:10)
  A hill giant (D:10)
  A wolf spider (D:10)
  The ghost of George the Cutter, a novice KoBe of Trog (D:4)
  A wyvern (D:9)
  2 yaks (D:8)
  A hungry ghost (D:10)
  A steam dragon (D:8)
  3 hippogriffs
  The ghost of dvd the Stinger, an amateur OpVM (D:3)
  2 hell hounds (D:10)
  A sky beast (D:9)
  An orc warrior (D:8)
  An ice beast (D:10)
  2 phantoms
  A wasp (D:7)
  6 ogres
  A black bear (D:8)
  2 eyes of draining
  A centaur (D:8)
  2 wolves (D:8)
  A crocodile (D:9)
  6 giant frogs
  4 big kobolds
  A water moccasin zombie (D:5)
  2 scorpions
  16 killer bees
  5 wights (D:6)
  4 howler monkeys
  7 crimson imps
  A centaur zombie (D:9)
  2 quasits (D:7)
  4 orc priests
  A centaur skeleton (D:7)
  A hound (D:7)
  2 iguanas (D:6)
  Ijyb (D:3)
  2 orc wizards
  11 worker ants
  2 sheep (D:8)
  A centaur simulacrum (D:8)
  A killer bee simulacrum (D:8)
  A howler monkey skeleton (D:8)
  9 adders
  3 gnolls (D:6)
  2 shadow imps
  2 white imps (D:8)
  A worker ant simulacrum (D:8)
  3 ufetubi (D:8)
  An ooze (D:6)
  An adder zombie (D:9)
  3 adder skeletons
  3 dart slugs (D:1)
  5 giant geckos
  36 orcs
  3 giant cockroaches
  10 goblins
  6 hobgoblins
  7 jackals
  9 quokkas
  3 ball pythons
  6 bats
  5 giant newts
  15 kobolds
  8 rats
252 creatures vanquished.

Vanquished Creatures (others)
  A centaur skeleton (D:7)
  An orc (D:7)
2 creatures vanquished.

Grand Total: 254 creatures vanquished

Notes
Turn   | Place    | Note
--------------------------------------------------------------
     0 | D:1      | dvd the Troll Berserker began the quest for the Orb.
     0 | D:1      | Reached XP level 1. HP: 22/22 MP: 0/0
   144 | D:1      | Reached XP level 2. HP: 27/29 MP: 1/1
   444 | D:1      | Found a snail-covered altar of Cheibriados.
   588 | D:1      | Reached XP level 3. HP: 31/36 MP: 2/2
   861 | D:1      | Reached ** piety under Trog
  1619 | D:3      | Found a shadowy altar of Dithmenos.
  1621 | D:3      | Found a basalt altar of Yredelemnul.
  1621 | D:3      | Noticed dvd's ghost (amateur OpVM)
  1641 | D:3      | Killed dvd's ghost
  1641 | D:3      | Reached skill level 1 in Throwing
  1641 | D:3      | Reached XP level 4. HP: 45/45 MP: 3/3
  1641 | D:3      | Reached XP level 5. HP: 53/53 MP: 4/4
  1886 | D:3      | Noticed Ijyb
  1899 | D:3      | Killed Ijyb
  2404 | D:4      | Found a staircase to the Ecumenical Temple.
  2415 | D:4      | Noticed an ogre
  2423 | D:4      | Killed an ogre
  2423 | D:4      | Reached XP level 6. HP: 61/61 MP: 5/5
  2434 | Temple   | Entered the Ecumenical Temple
  2599 | D:4      | Noticed George's ghost (novice KoBe)
  2607 | D:4      | Killed George's ghost
  2607 | D:4      | Reached skill level 1 in Stealth
  2607 | D:4      | Reached skill level 5 in Unarmed Combat
  2607 | D:4      | Reached XP level 7. HP: 54/68 MP: 6/6
  2679 | D:4      | Reached *** piety under Trog
  3068 | D:5      | Entered Level 5 of the Dungeon
  3344 | D:5      | Reached skill level 5 in Dodging
  3344 | D:5      | Reached XP level 8. HP: 75/78 MP: 7/7
  4092 | D:6      | Found a shimmering altar of Xom.
  4092 | D:6      | Found a radiant altar of Vehumet.
  4093 | D:6      | Found a glowing golden altar of the Shining One.
  4119 | D:6      | Reached skill level 5 in Fighting
  4120 | D:6      | Found a deep blue altar of Sif Muna.
  4666 | D:7      | Received a gift from Trog
  5003 | D:7      | Reached XP level 9. HP: 85/88 MP: 8/8
  5048 | D:7      | Found a stormy altar of Qazlal.
  5049 | D:7      | Got a shimmering glass ring
  5055 | D:7      | Identified the cursed ring "Pahaerurph" {Str+3 Dex-3} (You found it on level 7 of the Dungeon)
  5187 | D:7      | Gained mutation: You have a pair of small horns on your head. [potion of mutation]
  5187 | D:7      | Gained mutation: You are occasionally teleported next to monsters. [potion of mutation]
  5187 | D:7      | Gained mutation: Your body sometimes deteriorates upon taking damage. [potion of mutation]
  5224 | D:7      | Lost mutation: You are occasionally teleported next to monsters. [potion of cure mutation]
  5224 | D:7      | Lost mutation: Your body sometimes deteriorates upon taking damage. [potion of cure mutation]
  5224 | D:7      | Lost mutation: You have a pair of small horns on your head. [potion of cure mutation]
  5498 | D:7      | Reached **** piety under Trog
  5738 | D:8      | Noticed Erica
  5756 | D:8      | Killed Erica
  5939 | D:8      | Reached XP level 10. HP: 67/100 MP: 9/9
  5999 | D:8      | Noticed a three-headed hydra
  6197 | D:8      | Killed a four-headed hydra
  7067 | D:9      | Reached ***** piety under Trog
  7067 | D:9      | Received a gift from Trog
  7431 | D:9      | Found a blossoming altar of Fedhas.
  7886 | D:10     | Entered Level 10 of the Dungeon
  7910 | D:10     | Noticed an unseen horror
  7913 | D:10     | Killed an unseen horror
  7952 | D:10     | Found a staircase to the Lair.
  7977 | D:10     | Reached XP level 11. HP: 100/109 MP: 10/10
  8108 | D:10     | Noticed a hill giant
  8116 | D:10     | Killed a hill giant
  8159 | D:10     | Received a gift from Trog
  8211 | D:10     | Noticed a wolf spider
  8224 | D:10     | Killed a wolf spider
  8227 | D:10     | HP: 7/165 [orc wizard/dagger (5)]
  8227 | D:10     | Slain by an orc warrior

Vault maps used:
D:1:      onia_arrival_mini_maze_b, serial_bayou_pond_b, cheibriados_altar_1
D:3:      grunt_temple_overflow_open, uniq_iyjb
D:4:      minmay_temple_entry_grid
D:5:      first_bread
D:6:      nicolae_overflow_quartered_altars
D:7:      grunt_qazlal_clouds
D:8:      serial_ice, serial_ice_n, serial_ice_g, serial_ice_o, serial_ice_l,
          hangedman_ranch, minmay_misc_feat_room, uniq_erica
D:9:      nicolae_overflow_hidden_temple
D:10:     minmay_thick_lines, minmay_lair_entry_lava, okawaru_humans
Temple:   circular_temple_pool_12

Skill      XL: |  1  2  3  4  5  6  7  8  9 10 11 |
---------------+----------------------------------+-----
Fighting       | 3 4 5 6 7 |  7.7
Throwing       | 1 2 3 4 |  4.7
Dodging        | 3 4 5 7 8 9 |  9.2
Unarmed Combat | 4 5 6 8 9 |  9.8
Stealth        | 1 |  1.7
Evocations     | |  0.1

Action                   |  1- 3 |  4- 6 |  7- 9 | 10-12 || total
-------------------------+-------+-------+-------+-------++-------
Melee: Unarmed           |    85 |    65 |   329 |   189 ||   668
Throw: Large rock        |    21 |     3 |     9 |    40 ||    73
       Stone             |    17 |     8 |    40 |     2 ||    67
Invok: Berserk           |     1 |     1 |     5 |     3 ||    10
Evoke: Wand              |       |       |       |     1 ||     1
  Use: Potion            |       |       |    13 |     2 ||    15
       Scroll            |       |       |    12 |     3 ||    15
 Stab: Sleeping          |     1 |     2 |     1 |       ||     4
  Eat: Chunk             |    20 |    10 |    37 |    20 ||    87
